 Dungeon Crawl Stone Soup version 0.23-a0-819-g6debee6 (console) character file.

153 bli the Poker (level 5, -1/42 HPs)
             Began as a Formicid Abyssal Knight on Jan 22, 2019.
             Was a Believer of Lugonu.
             Slain by Edmund
             ... wielding a +2 flail of crushing
              (8 damage)
             ... on level 4 of the Dungeon.
             The game lasted 00:13:13 (3575 turns).

bli the Poker (Formicid Abyssal Knight)             Turns: 3575, Time: 00:13:14

Health: -1/42      AC:  5    Str: 18    XL:     5   Next: 61%
Magic:  6/6        EV: 10    Int: 16    God:    Lugonu [**....]
Gold:   113        SH:  0    Dex: 12    Spells: 4/4 levels left

rFire    . . .     SeeInvis +   a - +1 spear
rCold    . . .     Gourm    .   (no shield)
rNeg     . . .     Faith    .   y - +0 ring mail
rPois    +         Spirit   .   (helmet unavailable)
rElec    .         Reflect  .   (no cloak)
rCorr    .         Harm     .   (no gloves)
MR       .....                  (no boots)
Stlth    +.........             (no amulet)
HPRegen  0.14/turn              e - +2 ring of dexterity
MPRegen  0.10/turn              n - ring of poison resistance

@: brilliant
A: permanent stasis, dig shafts and tunnels, four strong arms, antennae 3
a: Dig, Shaft Self, Depart the Abyss, Bend Space, Renounce Religion


You were on level 4 of the Dungeon.
You worshipped Lugonu.
Lugonu was pleased with you.
You were hungry.

You visited 1 branch of the dungeon, and saw 4 of its levels.
You visited the Abyss 1 time.

You collected 113 gold pieces.

Inventory:

Hand Weapons
 a - a +1 spear (weapon)
 b - a +0 fustibalus
 s - a +2 flail of holy wrath
 v - a +0 hand axe
 w - a +0 hunting sling
Missiles
 l - 48 stones (quivered)
Armour
 f - a +0 crystal plate armour
 k - a +0 chain mail
 p - a +0 cloak
 q - a +0 leather armour
 y - a +0 ring mail (worn)
Jewellery
 e - a +2 ring of dexterity (left hand)
 n - a ring of poison resistance (right hand)
Scrolls
 d - a scroll of blinking {unknown}
 g - 3 scrolls of brand weapon {unknown}
 i - 7 scrolls of identify {unknown}
 m - 2 scrolls of teleportation {unknown}
 u - a scroll of fog {unknown}
 x - 2 scrolls of remove curse {unknown}
Potions
 o - 2 potions of brilliance
 r - a potion of ambrosia {unknown}
 t - a potion of haste {unknown}
Comestibles
 c - 11 rations


   Skills:
 * Level 3.9 Fighting
 + Level 4.3 Polearms
 * Level 3.4 Armour
 + Level 0.8 Dodging
 - Level 2.1 Invocations


You had 4 spell levels left.
You didn't know any spells.
Your spell library was empty.

Dungeon Overview and Level Annotations

Branches:
Dungeon (4/15)
 Temple: D:4-7

Altars:
Fedhas
Ru
Yredelemnul

Annotations:
D:4 Edmund


Innate Abilities, Weirdness & Mutations

You cannot be hasted, slowed, berserked, paralysed or teleported.
You can dig through walls and to a lower floor.
Your four strong arms can wield two-handed weapons with a shield.
You have a pair of large antennae on your head. (SInv)


Message History

Edmund hits you with a +2 flail of crushing.
* * * LOW HITPOINT WARNING * * *
x2 It was a potion of brilliance.
You feel clever all of a sudden.
Edmund says, "You wouldn't believe how much I paid for this flail."
Edmund hits you with a +2 flail of crushing.
* * * LOW HITPOINT WARNING * * *
x2 It was a potion of curing.
You feel better.
Edmund hits you with a +2 flail of crushing.
* * * LOW HITPOINT WARNING * * *
x2 You closely miss Edmund.
Edmund is moderately wounded.
You hit Edmund but do no damage.
Edmund is moderately wounded.
Edmund hits you with a +2 flail of crushing.
* * * LOW HITPOINT WARNING * * *
x2 It was a potion of berserk rage.
Your stasis prevents you from going berserk.
Edmund hits you with a +2 flail of crushing!
You die...

#.....# #.....#
#.....#
#.....#########
#.............#
######........#
#........#
#........#
#........#
#........#
+...@....#
#....@...... {
#...........
#...........
#...........
#...........
#...........
####+#######


You could see Edmund.

Vanquished Creatures
  4 gnolls (D:2)
  2 adders
  2 oozes (D:3)
  3 worms (D:3)
  A dart slug (D:2)
  2 leopard geckos (D:2)
  3 orcs (D:3)
  5 giant cockroaches
  9 goblins
  6 hobgoblins
  3 jackals (D:1)
  2 quokkas
  11 bats
  2 frilled lizards
  6 kobolds
  9 rats
  A spectral orc (D:3)
71 creatures vanquished.

Notes
Turn   | Place    | Note
-------+----------+-------------------------------------------
     0 | Abyss:1  | bli the Formicid Abyssal Knight began the quest for the
                  | Orb.
     0 | Abyss:1  | Reached XP level 1. HP: 18/18 MP: 2/2
     0 | Abyss:1  | Found a corrupted altar of Lugonu.
   114 | Abyss:2  | Noticed a small abomination
   127 | D:1      | Escaped the Abyss
   346 | D:1      | Reached * piety under Lugonu
   370 | D:1      | Reached XP level 2. HP: 24/24 MP: 3/3
   924 | D:2      | Reached skill level 3 in Polearms
   924 | D:2      | Reached XP level 3. HP: 27/29 MP: 4/4
  1303 | D:3      | Reached XP level 4. HP: 28/35 MP: 5/5
  1549 | D:3      | Found a faded altar of an unknown god.
  1770 | D:3      | Reached ** piety under Lugonu
  2019 | D:3      | Found a basalt altar of Yredelemnul.
  2066 | D:3      | Reached skill level 4 in Polearms
  2368 | D:3      | Found a sacrificial altar of Ru.
  2568 | D:2      | Reached XP level 5. HP: 33/41 MP: 6/6
  3036 | D:2      | Found a blossoming altar of Fedhas.
  3554 | D:4      | Noticed Edmund
  3575 | D:4      | Slain by Edmund

Vault maps used:
D:1:      lightli_arrival_chessboard, serial_park_tiny_2
D:2:      marbit_many_paths, first_ration, kennysheep_generic_room_3
D:3:      overflow_temple_1_default, yredelemnul_forgotten_temple_becter,
          chequers_ecumenical_altar_lobes
D:4:      nemelex_xobeh_ov_fountains_minmay, bloody_makhleb, uniq_edmund
Abyss:2:  minivault_20

Skill      XL: |  1  2  3  4 |
---------------+-------------+-----
Polearms       | 3 4 |  4.3
Armour         | 3 |  3.4
Fighting       | |  3.9
Dodging        | |  0.8
Invocations    | |  2.1

Action                   |  1- 3 |  4- 6 || total
-------------------------+-------+-------++-------
Melee: Spear             |    94 |   212 ||   306
 Fire: Fustibalus        |       |     1 ||     1
Throw: Stone             |       |     9 ||     9
Invok: Depart the Abyss  |     1 |       ||     1
 Abil: Dig               |     2 |     2 ||     4
  Use: Potion            |       |     3 ||     3
 Stab: Sleeping          |     2 |       ||     2
  Eat: Chunk             |     1 |     7 ||     8
Armor: Leather armour    |    19 |       ||    19
       Chain mail        |    13 |    87 ||   100
       Ring mail         |       |     1 ||     1
Dodge: Dodged            |    35 |    48 ||    83

Table legend:
 A = Non-vault XP
 B = Vault XP
 C = Vault XP percentage of total XP
 D = Non-vault monster count
 E = Vault monster count
 F = Vault count percentage of total count
                 A         B        C        D         E       F
            +---------+---------+-------+---------+---------+-------
      Total |     212 |       7 |   3.2 |      68 |       3 |   4.2
            +---------+---------+-------+---------+---------+-------
        D:1 |      22 |       0 |   0.0 |      14 |       0 |   0.0
        D:2 |     111 |       6 |   5.1 |      29 |       2 |   6.5
        D:3 |      79 |       1 |   1.2 |      25 |       1 |   3.8
            +---------+---------+-------+---------+---------+-------
